 Dungeon Crawl Stone Soup version 0.27-a0-1188-g73eefd5def (webtiles) character file.

Game seed: 8435186674561656446

107 GraemeLucaSweep the Chiller (level 4, -2/27 HPs)
             Began as a Merfolk Ice Elementalist on May 22, 2021.
             Slain by a bullfrog (4 damage)
             ... on level 4 of the Dungeon.
             The game lasted 00:30:50 (3463 turns).

GraemeLucaSweep the Chiller (MfIE)                  Turns: 3463, Time: 00:30:50

Health: -2/27      AC:  5    Str:  9    XL:     4   Next: 85%
Magic:  4/7        EV: 10    Int: 20    God:
Gold:   205        SH:  0    Dex: 14    Spells: 3/7 levels left

rFire    x . .     SeeInvis .   k - +0 short sword
rCold    + . .     Faith    .   (no shield)
rNeg     . . .     Spirit   .   x - +0 ring mail
rPois    .         Reflect  .   (no helmet)
rElec    .         Harm     .   (no cloak)
rCorr    .         Rampage  .   (no gloves)
Will     .....                  (no boots)
Stlth    +.........             (no amulet)
HPRegen  0.09/turn              n - ring of ice
MPRegen  0.10/turn              p - +6 ring of intelligence

@: no status effects
A: (nimble swimmer 2), mertail, frail 1
a: no special abilities


You were on level 4 of the Dungeon.
You visited 1 branch of the dungeon, and saw 4 of its levels.

You collected 205 gold pieces.

Inventory:

Hand Weapons
 c - a +0 dagger
 e - a +0 dagger
 h - a +0 dagger
 k - a +0 short sword (weapon)
 l - a +0 hunting sling
 m - a +0 dagger
 o - a +0 short sword
 r - a +0 whip
 s - a +0 club
 t - a +0 club
 u - a +0 hunting sling
 v - a +0 dagger
 w - a +0 club
 A - a +0 dagger
 B - a +0 club
 C - a +0 hand axe
 D - a +0 short sword
Missiles
 d - 89 stones
 j - 79 bolts
 E - 5 poisoned darts
Armour
 a - a +0 robe
 b - a +0 leather armour
 i - a +0 leather armour
 q - a +0 leather armour
 x - a +0 ring mail (worn)
Jewellery
 f - a +4 ring of evasion
 g - a +6 ring of strength
 n - a ring of ice (left hand)
 p - a +6 ring of intelligence (right hand)


   Skills:
 + Level 0.6 Fighting
 + Level 1.2 Short Blades
 + Level 1.2 Armour
 + Level 2.8 Dodging
 + Level 2.6 Stealth
 + Level 2.4 Spellcasting
 + Level 5.4 Ice Magic


You had 3 spell levels left.
You knew the following spells:

 Your Spells              Type           Power      Damage    Failure   Level
a - Freeze                Ice            100%       1d11      4%          1
b - Frozen Ramparts       Ice            72%        1d9       14%         3

Your spell library contained the following spells:

 Spells                   Type           Power      Damage    Failure   Level
 Ozocubu's Armour         Ice            36%        N/A       14%         3
 Beastly Appendage        Tmut           4%         N/A       38%         1
 Wereblood                Tmut           2%         N/A       54%         2
 Spider Form              Tmut/Pois      1%         N/A       77%         3
 Hailstorm                Conj/Ice       19%        3d6       80%         4
 Ice Form                 Ice/Tmut       19%        N/A       80%         4
 Metabolic Englaciation   Hex/Ice        9%         N/A       98%         5
 Hydra Form               Tmut           1%         N/A       100%        5


Dungeon Overview and Level Annotations

Branches:
Dungeon (4/15)
 Temple: D:4-7

Altars:


Innate Abilities, Weirdness & Mutations

((You are quick and stealthy near water. (Stealth+, EV+, Speed+++)))
Your lower body shifts to a powerful aquatic tail in water.
You are frail. (-10% HP)


Message History

An adder, a bullfrog and a dart slug come into view.
Found a scroll labelled QYTSUE NUBEKK.
The bullfrog closely misses you. The bullfrog hits you.
The dart slug launches a dart at you. The slug dart hits you.
There is an open door here.
Casting: Freeze (safe; 4% risk of failure)
Confirm with . or Enter, or press ? or * to list all spells.
Aiming: Freeze (safe; 4% risk of failure)
Press: ? - help, Shift-Dir - straight line, f - bullfrog
Aim: a bullfrog You feel a surge of power!
You freeze the bullfrog.
The bullfrog is lightly wounded.
The bullfrog barely misses you.
Casting: Freeze (safe; 4% risk of failure)
Confirm with . or Enter, or press ? or * to list all spells.
Aiming: Freeze (safe; 4% risk of failure)
Press: ? - help, Shift-Dir - straight line, f/p - bullfrog
Aim: a bullfrog (lightly wounded)
You feel a surge of power!
You freeze the bullfrog.
The bullfrog is lightly wounded.
The bullfrog hits you.
* * * LOW HITPOINT WARNING * * *
The bullfrog barely misses you.
Unknown command.
Casting: Freeze (safe; 4% risk of failure)
Confirm with . or Enter, or press ? or * to list all spells.
Aiming: Freeze (safe; 4% risk of failure)
Press: ? - help, Shift-Dir - straight line, f/p - bullfrog
Aim: a bullfrog (lightly wounded)
You feel a surge of power!
You freeze the bullfrog!
The bullfrog is severely wounded.
The bullfrog seems to slow down.
The bullfrog barely misses you. The dart slug bites you.
* * * LOW HITPOINT WARNING * * *
The adder bites you.
* * * LOW HITPOINT WARNING * * *
The adder bites you but does no damage. The bullfrog hits you.
You die...

##.....##...####
#...?...#......#
#.......#......#
#.......#......#
#.....##.....>#
#...##.......#
#+#######'##........#
........F....†......#
.......@S...........#
....................#
#+#######+########'##
#.......# ##......#
#......# #......#
#.....## #######


You could see a bullfrog (slow) and an adder.

Vanquished Creatures
  A jelly (D:4)
  An iguana (D:3)
  2 worms
  3 orcs (D:3)
  4 endoplasms
  2 giant cockroaches
  5 goblins
  3 hobgoblins
  2 jackals (D:3)
  5 kobolds
  A quokka (D:1)
  6 ball pythons
  A bat (D:2)
  2 frilled lizards (D:2)
  2 rats (D:3)
40 creatures vanquished.

Notes
Turn   | Place    | Note
-------+----------+-------------------------------------------
     0 | D:1      | GraemeLucaSweep the Merfolk Ice Elementalist began the
                  | quest for the Orb.
     0 | D:1      | Reached XP level 1. HP: 13/13 MP: 3/3
   352 | D:1      | Reached XP level 2. HP: 19/19 MP: 3/5
   526 | D:1      | Reached skill level 5 in Ice Magic
   731 | D:1      | Found a faded altar of an unknown god.
  1423 | D:2      | Gained mutation: You are frail. (-10% HP) [potion of
                  | mutation]
  1520 | D:2      | Reached XP level 3. HP: 21/21 MP: 6/6
  2352 | D:3      | Reached skill level 1 in Short Blades
  2390 | D:3      | Learned a level 3 spell: Frozen Ramparts
  2672 | D:3      | Reached XP level 4. HP: 24/27 MP: 3/7
  2916 | D:3      | Reached skill level 1 in Armour
  3455 | D:4      | Noticed a bullfrog
  3463 | D:4      | Slain by a bullfrog

Illustrated notes

Levels and vault maps discovered:
D:1:      minmay_arrival_stone_box, layout_basic, serial_curves, eino_curves_03,
          eino_curves_01, eino_curves_03, basic_ecumenical_altar
D:2:      layout_loops_ring
D:3:      layout_loops_ring
D:4:      kennysheep_six_static_rooms, layout_gridville

Skill      XL: |  1  2  3  4 |
---------------+-------------+-----
Ice Magic      | 5 |  5.4
Short Blades   | 1 |  1.2
Armour         | 1 |  1.2
Fighting       | |  0.6
Dodging        | |  2.8
Stealth        | |  2.6
Spellcasting   | |  2.4

Action                   |  1- 3 |  4- 6 || total
-------------------------+-------+-------++-------
Melee: Short sword       |    65 |    12 ||    77
 Cast: Freeze            |    24 |    20 ||    44
       Frozen Ramparts   |       |     1 ||     1
  Use: Potion            |     5 |       ||     5
       Scroll            |     2 |     2 ||     4
 Stab: Sleeping          |     3 |       ||     3
Armor: Leather armour    |     8 |     2 ||    10
       Ring mail         |       |     3 ||     3
Dodge: Dodged            |    65 |    23 ||    88

Table legend: (Time is in decaauts)
 A = Elapsed time spent in this place.
 B = Non-inter-level travel time spent in this place.
 C = Inter-level travel time spent in this place.
 D = Time resting spent in this place.
 E = Time spent auto-exploring this place.
 F = Levels seen in this place.
 G = Mean time per level.
                   A        B        C        D        E       F      G
               +--------+--------+--------+--------+--------+-----+--------+
         Total |   3476 |   2733 |    743 |     44 |   2232 |   4 |  869.0 |
       Dungeon |   3476 |   2733 |    743 |     44 |   2232 |   4 |  869.0 |
               +--------+--------+--------+--------+--------+-----+--------+

Top non-repeatable levels by time:
     D:3: 1261 daAuts
     D:1: 1071 daAuts
     D:2: 1021 daAuts
     D:4: 121 daAuts
